 Dungeon Crawl Stone Soup version 0.29-a0-844-ge8845773e3 (webtiles) character file.

Game seed: 7910220137537141559

173 Locuples the Covered (level 5, -1/47 HPs)
             Began as a Minotaur Fighter on July 15, 2022.
             Slain by a gnoll sergeant
             ... wielding a +0 trident of protection
              (11 damage)
             ... on level 4 of the Dungeon.
             The game lasted 00:03:59 (2121 turns).

Locuples the Covered (Minotaur Fighter)             Turns: 2121, Time: 00:04:00

Health: -1/47      AC:  8    Str: 23    XL:     5   Next: 28%
Magic:  4/4        EV:  9    Int:  5    God:
Gold:   223        SH:  9    Dex:  9    Spells: 4/4 levels left

rFire   . . .      SeeInvis .   a - +0 flail
rCold   . . .      Faith    .   c - +0 buckler
rNeg    . . .      Spirit   .   b - +0 scale mail
rPois   .          Reflect  +   (helmet restricted)
rElec   .          Harm     .   q - +0 cloak
rCorr   .          Rampage  .   (no gloves)
Will    .....                   (no boots)
Stlth   ..........              r - amulet of reflection
HPRegen 0.15/turn               (no ring)
MPRegen 0.09/turn               (no ring)

@: mighty, brilliant
A: horns 2, retaliatory headbutt
a: no special abilities


You were on level 4 of the Dungeon.
You visited 1 branch of the dungeon, and saw 4 of its levels.

You collected 223 gold pieces.

Inventory:

Hand Weapons
 a - a +0 flail (weapon)
Armour
 b - a +0 scale mail (worn)
 c - a +0 buckler (worn)
 q - a +0 cloak (worn)
Jewellery
 r - an amulet of reflection (around neck)
Wands
 w - a wand of charming (7)
Scrolls
 e - 5 scrolls of identify {unknown}
 f - 2 scrolls of immolation {unknown}
 g - a scroll of enchant weapon {unknown}
 j - a scroll of vulnerability {unknown}
 k - a scroll of magic mapping {unknown}
 o - a scroll of enchant armour {unknown}
 p - a scroll of teleportation {unknown}
 s - a scroll of acquirement {unknown}
 t - a scroll of poison {unknown}
 y - a scroll of silence {unknown}
Potions
 d - 2 potions of might
 h - 2 potions of heal wounds {unknown}
 i - a potion of resistance {unknown}
 l - a potion of lignification {unknown}
 m - a potion of brilliance
 n - a potion of mutation {unknown}
 u - a potion of degeneration {unknown}
 v - a potion of attraction {unknown}
 x - a potion of cancellation {unknown}
 z - a potion of curing {unknown}


   Skills:
 + Level 4.4 Fighting
 + Level 4.3 Maces & Flails
 + Level 4.9 Armour
 + Level 4.5 Shields


You had 4 spell levels left.
You didn't know any spells.
Your spell library was empty.

Dungeon Overview and Level Annotations

Branches:
Dungeon (4/15)
 Temple: D:4-7

Altars:
Zin


Innate Abilities, Weirdness & Mutations

You have a pair of horns on your head.
You reflexively headbutt those who attack you in melee.


Message History

The orc shouts!
The gnoll shouts!
An orc comes into view. It is wielding a +0 club.
You block the gnoll's attack.
An orc comes into view. It is wielding a +0 war axe.
You closely miss the gnoll.
The orc shouts! x2
Your headbutt misses the gnoll.
An orc comes into view. It is wielding a +0 club.
The gnoll closely misses you. The gnoll hits you but does no damage.
You block the gnoll sergeant's attack.
The gnoll sergeant completely misses you.
The gnoll hits you with a +0 halberd. The gnoll barely misses you.
The orc moves out of view.
You feel very mighty all of a sudden.
A dart slug comes into view.
You block the gnoll's attack. You block the gnoll sergeant's attack.
The orc priest calls down the wrath of Beogh upon you.
Beogh smites you! You block the gnoll's attack. You block the orc's attack.
The gnoll sergeant hits you with a +0 trident of protection!
The gnoll closely misses you.
You barely miss the gnoll sergeant. The gnoll hits you but does no damage.
You block the gnoll's attack. The orc barely misses you.
The gnoll sergeant hits you with a +0 trident of protection.
The orc shouts!
You hit the gnoll sergeant but do no damage.
You block the gnoll's attack. The gnoll hits you but does no damage.
The orc hits you with a +0 flail.
The gnoll sergeant hits you with a +0 trident of protection.
You sock the gnoll!
The gnoll is severely wounded.
The orc hits you but does no damage. The gnoll hits you with a +0 halberd!
* * * LOW HITPOINT WARNING * * *
The gnoll hits you but does no damage. The gnoll sergeant barely misses you.
It was a potion of brilliance.
You feel clever all of a sudden. The gnoll closely misses you.
The gnoll hits you but does no damage. You block the orc's attack.
The gnoll sergeant hits you with a +0 trident of protection!
You die... ......# ..... .o... ogw.

### #oo# ..# #og# #.#
#. #go# #.# #.###@g#
#.## ..##.g# ...##
#.##..# ....#####
#.#...####
........#####...!....#
....###..........^##.#
...##
######......#...# #.##
#.......# .. #.#
#......#....#


You could see a gnoll sergeant, an orc priest, 4 gnolls, a dart slug and 5 orcs.

Vanquished Creatures
  A howler monkey (D:3)
  An orc priest (D:4)
  An orc wizard (D:4)
  4 adders
  A worm (D:2)
  A dart slug (D:1)
  3 orcs (D:4)
  4 endoplasms
  2 giant cockroaches
  4 hobgoblins
  2 quokkas
  3 ball pythons (D:2)
  6 bats
  2 frilled lizards
  4 kobolds
  5 rats
  5 bushes (D:1)
49 creatures vanquished.

Vanquished Creatures (others)
  7 plants (D:1)
7 creatures vanquished.

Grand Total: 56 creatures vanquished

Notes
Turn   | Place    | Note
-------+----------+-------------------------------------------
     0 | D:1      | Locuples the Minotaur Fighter began the quest for the Orb.
     0 | D:1      | Reached XP level 1. HP: 19/19 MP: 0/0
   192 | D:1      | Reached XP level 2. HP: 27/27 MP: 1/1
   850 | D:2      | Found a glowing silver altar of Zin.
  1010 | D:2      | Noticed a shining eye
  1015 | D:2      | Found a faded altar of an unknown god.
  1019 | D:2      | Noticed a golden eye
  1020 | D:2      | Noticed a golden eye
  1020 | D:2      | Noticed an eye of devastation
  1317 | D:3      | Reached XP level 3. HP: 33/33 MP: 2/2
  1463 | D:3      | Reached XP level 4. HP: 33/40 MP: 3/3
  2013 | D:4      | Reached XP level 5. HP: 47/47 MP: 4/4
  2121 | D:4      | Slain by a gnoll sergeant

Illustrated notes

Levels and vault maps discovered:
D:1:      scummos_arrival_checkerplants, layout_rooms, serial_forest,
          infiniplex_forest_clump_cross, infiniplex_forest_zigzag_2,
          infiniplex_forest_split, infiniplex_forest_end_2,
          infiniplex_forest_lined_3_way, minmay_pentomino_p2
D:2:      layout_basic, basic_altar, hellmonk_ecumenical_altar_watching_god,
          kennysheep_potato
D:3:      layout_rooms
D:4:      layout_loops_ring, lemuel_round_altar, minmay_strange_pillars

Skill      XL: |  1  2  3  4 |
---------------+-------------+-----
Fighting       | 4 |  4.4
Armour         | 4 |  4.9
Shields        | 4 |  4.5
Maces & Flails | 3 4 |  4.3

Action                   |  1- 3 |  4- 6 || total
-------------------------+-------+-------++-------
Melee: Flail             |   264 |    45 ||   309
       Headbutt          |    77 |     4 ||    81
  Use: Potion            |       |     2 ||     2
Armor: Scale mail        |    27 |    34 ||    61
Dodge: Dodged            |    25 |    23 ||    48
Block: Buckler           |    23 |    33 ||    56
       Reflection        |       |     2 ||     2

Table legend: (Time is in decaauts)
 A = Elapsed time spent in this place.
 B = Non-inter-level travel time spent in this place.
 C = Inter-level travel time spent in this place.
 D = Time resting spent in this place.
 E = Time spent auto-exploring this place.
 F = Levels seen in this place.
 G = Mean time per level.
                   A        B        C        D        E       F      G
               +--------+--------+--------+--------+--------+-----+--------+
         Total |   2212 |   2212 |      0 |      0 |   1465 |   4 |  553.0 |
       Dungeon |   2212 |   2212 |      0 |      0 |   1465 |   4 |  553.0 |
               +--------+--------+--------+--------+--------+-----+--------+

Top non-repeatable levels by time:
     D:1: 800 daAuts
     D:3: 606 daAuts
     D:2: 574 daAuts
     D:4: 231 daAuts
